 Dungeon Crawl Stone Soup version 0.15.1 (webtiles) character file.

2262 DrPain the Nimble (level 9, -4/46 HPs)
             Began as a Spriggan Assassin on Sept 16, 2014.
             Was a Believer of Okawaru.
             Splashed by a jelly's acid (7 damage)
             ... on Level 7 of the Dungeon.
             The game lasted 00:28:33 (11197 turns).

DrPain the Nimble (Spriggan Assassin)              Turns: 11197, Time: 00:28:33

HP  -4/46        AC -21    Str  7      XL: 9   Next: 15%
MP  18/18        EV 27     Int 13      God: Okawaru [**....]
Gold 336         SH  0     Dex 20      Spells:  0 memorised,  8 levels left

rFire  . . .     SeeInvis +     w - +1 cutlass
rCold  . . .     Clarity  .     c - +0 robe
rNeg   . . .     rCorr    .     (shield restricted)
rPois  .         rRot     .     (helmet restricted)
rElec  .         Spirit   .     d - +1 cloak
SustAb .         Warding  .     (gloves unavailable)
rMut   .         Stasis   .     (boots unavailable)
Gourm  .                        B - amulet of rage
MR     +....                    (no ring)
                                (no ring)

@: corroded equipment, very quick, somewhat resistant to hostile enchantments,
stealthy
A: unfitting armour, see invisible, herbivore 3, speed 3, slow metabolism 2
a: Heroism, Renounce Religion, Evoke Berserk Rage


You were on level 7 of the Dungeon.
You worshipped Okawaru.
Okawaru was pleased with you.
You were not hungry.

You visited 1 branch of the dungeon, and saw 9 of its levels.

You collected 336 gold pieces.

Inventory:

Hand weapons
 f - a +0 blowgun
 l - a +0 long sword
 w - a +1 cutlass (weapon)
Missiles
 e - 20 poisoned needles
Armour
 c - a +0 robe (worn)
 d - a +1 cloak (worn)
Magical devices
 r - a wand of slowing (14)
 s - a wand of confusion (23)
 u - a wand of enslavement (7)
 v - a wand of polymorph (7)
 z - a wand of teleportation (4)
Comestibles
 o - 3 bread rations
 p - 3 fruits
Scrolls
 h - a scroll of identify
 j - 2 scrolls of magic mapping
 k - 2 scrolls of recharging
 q - 4 scrolls of remove curse
 t - 2 scrolls of teleportation
 y - a scroll of fear {unknown}
Jewellery
 b - an uncursed ring of wizardry
 B - an amulet of rage (around neck)
Potions
 a - a potion of restore abilities
 g - a potion of porridge
 m - a potion of cancellation
 n - a potion of curing
 x - 2 potions of might
 C - 2 potions of haste


   Skills:
 + Level 4.5 Fighting
 - Level 5.2 Short Blades
 - Level 8.2 Throwing
 - Level 10.0 Dodging
 - Level 5.8 Stealth
 - Level 1.1 Evocations


You had 8 spell levels left.
You didn't know any spells.

Dungeon Overview and Level Annotations

Branches:
Dungeon (9/15)             Temple (0/1) D:6            Lair (0/8) D:9
    Orc: D:9-12

Altars:
Ashenzari
Cheibriados
Elyvilon
Makhleb
Nemelex Xobeh
Okawaru
Sif Muna
Vehumet

Annotations:
D:7 Menkaure
D:8 DrPain's ghost, experienced SpAs


Innate Abilities, Weirdness & Mutations

You are tiny and cannot use many weapons and most armour.
You have supernaturally acute eyesight.
You are a herbivore.
You cover ground extremely quickly.
You need consume almost no food.


Message History

The jelly misses you. The jelly closely misses you.
You hit the jelly.
The jelly is severely wounded.
The jelly completely misses you. The jelly hits you.
You are splashed with acid!
The acid corrodes your equipment!
The acid burns!
You hit the jelly but do no damage.
The jelly is severely wounded.
The jelly misses you. The jelly closely misses you.
You barely miss the jelly.
The jelly is severely wounded.
The jelly misses you. x2
You hit the jelly.
The jelly is severely wounded.
The hound zombie bites you. The jelly hits you.
You are splashed with acid!
The acid burns!
* * * LOW HITPOINT WARNING * * *
The jelly hits you.
* * * LOW HITPOINT WARNING * * *
You are splashed with acid!
The acid burns!
You die...

#.##.###.#..###.#####.#
..........<.%.'.......#
#######.......#.%.....+
#≈≈≈≈≈##......#.......#
≈≈≈≈≈≈≈#.##.###.#######
≈≈...≈≈#.##.# #..##
≈≈._.≈≈#.+.(. ...
≈≈...≈≈####### #J# #
≈≈≈.≈≈≈#########@##.##.##
#≈≈.≈≈##'%......ZJ.......
###'############'########
###.############.##
.#................#...
%.........#.............
...(...#.###.##.#####.#
.##.##.#.###.##.##
.#...#...........#


You could see 2 jellies and a hound zombie.

Vanquished Creatures
  A wyvern (D:9)
  A steam dragon (D:8)
  A soldier ant (D:5)
  3 porcupines (D:9)
  A centaur (D:5)
  A yellow wasp (D:7)
  2 ogres (D:6)
  A necrophage (D:6)
  Duvessa (D:5)
  A big kobold (D:7)
  2 giant frogs
  3 jellies (D:7)
  2 crimson imps (D:7)
  A goliath beetle (D:7)
  Dowan (D:5)
  A centaur zombie (D:7)
  2 orc priests (D:3)
  3 hounds
  2 iguanas (D:4)
  2 orc wizards
  3 worker ants
  Ijyb (D:5)
  Jessica (D:3)
  A big kobold skeleton (D:7)
  4 gnolls
  A green rat (D:9)
  5 adders
  A giant mite (D:2)
  A shadow imp (D:6)
  3 worms
  An adder zombie (D:5)
  2 oozes
  15 orcs
  A ball python (D:1)
  18 goblins
  11 hobgoblins
  2 jackals (D:1)
  7 quokkas
  15 bats
  6 giant cockroaches
  3 giant newts
  2 goblin skeletons
  13 kobolds
  An orc skeleton (D:4)
  14 rats
164 creatures vanquished.

Notes
Turn   | Place    | Note
--------------------------------------------------------------
     0 | D:1      | DrPain, the Spriggan Assassin, began the quest for the Orb.
     0 | D:1      | Reached XP level 1. HP: 10/10 MP: 2/2
   379 | D:1      | Reached XP level 2. HP: 14/14 MP: 4/4
  1010 | D:1      | Reached XP level 3. HP: 18/18 MP: 6/6
  1959 | D:2      | Found a shattered altar of Ashenzari.
  1960 | D:2      | Reached XP level 4. HP: 22/22 MP: 8/8
  1981 | D:2      | Reached skill level 5 in Short Blades
  2209 | D:2      | Found a burning altar of Makhleb.
  2981 | D:3      | HP: 1/22 [orc priest/club (6)]
  2983 | D:3      | Reached XP level 5. HP: 1/25 MP: 10/10
  3343 | D:3      | Found a snail-covered altar of Cheibriados.
  3388 | D:3      | Found an iron altar of Okawaru.
  3437 | D:3      | Became a worshipper of Warmaster Okawaru
  3826 | D:3      | Reached skill level 5 in Dodging
  4074 | D:3      | Noticed Jessica
  4076 | D:3      | Killed Jessica
  4076 | D:3      | Reached skill level 6 in Dodging
  4076 | D:3      | Reached XP level 6. HP: 30/30 MP: 12/12
  4851 | D:4      | Reached skill level 7 in Dodging
  5483 | D:5      | Entered Level 5 of the Dungeon
  5915 | D:5      | Reached skill level 8 in Dodging
  6180 | D:5      | Noticed Ijyb
  6192 | D:5      | Killed Ijyb
  6468 | D:5      | Noticed a soldier ant
  6483 | D:5      | Killed a soldier ant
  6483 | D:5      | Reached skill level 9 in Dodging
  6483 | D:5      | Reached XP level 7. HP: 18/33 MP: 14/14
  6786 | D:5      | Noticed Duvessa
  6799 | D:5      | Killed Duvessa
  6799 | D:5      | Acquired Okawaru's first power
  6800 | D:5      | Noticed Dowan
  6807 | D:5      | Killed Dowan
  6807 | D:5      | Reached skill level 1 in Evocations
  6925 | D:5      | Found a white marble altar of Elyvilon.
  6989 | D:5      | Found a sparkling altar of Nemelex Xobeh.
  7036 | D:5      | Reached skill level 10 in Dodging
  7926 | D:6      | Found a staircase to the Ecumenical Temple.
  8531 | D:6      | Reached skill level 5 in Throwing
  8531 | D:6      | Reached XP level 8. HP: 37/37 MP: 17/17
  9506 | D:8      | Noticed DrPain's ghost (experienced SpAs)
  9569 | D:8      | Noticed a hill giant
  9592 | D:8      | Noticed a cyclops
  9918 | D:9      | Found a staircase to the Lair.
 10355 | D:7      | Reached XP level 9. HP: 42/45 MP: 18/18
 10836 | D:7      | Noticed Menkaure
 11105 | D:7      | Found a radiant altar of Vehumet.
 11107 | D:7      | Found a deep blue altar of Sif Muna.
 11197 | D:7      | Splashed by a jelly's acid

Action                   |  1- 3 |  4- 6 |  7- 9 || total
-------------------------+-------+-------+-------++-------
Melee: Dagger            |   164 |   101 |       ||   265
       Cutlass           |       |    75 |   309 ||   384
 Fire: Blowgun           |    11 |    48 |    45 ||   104
Evoke: Wand              |       |     1 |     3 ||     4
  Use: Scroll            |     2 |     9 |     6 ||    17
       Potion            |       |     7 |     4 ||    11
 Stab: Sleeping          |     9 |    11 |    11 ||    31
       Distracted        |     1 |     2 |     2 ||     5
  Eat: Fruit             |       |     1 |       ||     1
       Bread ration      |       |     1 |       ||     1
       Pizza             |       |     1 |       ||     1
